Map: Deathaura LE

Players

Geralt (Gerald)

  • Race: Protoss Protoss
  • League: Grandmaster
  • Spawn Location: 5:00

liquidthermy (uThermal) - Winner!

  • Race: Terran Terran
  • Spawn Location: 11:00

Event: DreamHack SC2 Masters 2020 Summer Europe

VOD

Have the link to the VOD?

Description

Time

  • Played on: June 27, 2020, 1:38 p.m.
  • Length: 9:32

All games in this series

Show
View Real Time Build Order
Export as new Build Order

Geralt Protoss 

Build Orders: 1 Gate Expand, Blink Stalkers, Dark Templar Rush 

Get SALT Encoding   

  12  0:00  Probe  
  13  0:12  Probe  
  14  0:17  Pylon  
  14  0:24  Probe  
  15  0:32  Probe  
  15  0:36  Gateway  
  15  0:40  Probe  
  16  0:46  Assimilator  
  17  0:51  Probe  
  18  1:03  Probe  
  19  1:15  Probe  
  20  1:23  Cybernetics Core  
  20  1:27  Probe  
  21  1:37  Nexus  
  21  1:43  Pylon  
  21  1:46  Probe  
  22  1:51  Stalker  
  22  1:52  Assimilator  
  22  1:58  Probe  
  25  2:09  Warp Gate  
  25  2:10  Probe  
  25  2:12  Stalker  
  26  2:22  Probe  
  29  2:34  Probe  
  29  2:36  Twilight Council  
  30  2:44  Assimilator  
  30  2:46  Probe  
  30  2:49  Probe  
  32  2:55  Stalker  
  34  2:58  Probe  
  34  3:01  Probe  
  36  3:10  Probe  
  37  3:15  Blink  
  37  3:28  Probe x2  
  37  3:32  Pylon  
  37  3:33  Gateway  
  35  3:35  Gateway  
  35  3:36  Probe  
  35  3:38  Shield Battery  
  35  3:40  Probe  
  37  3:44  Probe  
  38  3:51  Dark Shrine  
  38  3:52  Probe  
  38  3:55  Probe  
  38  3:58  Stalker  
  41  4:04  Robotics Facility, Probe  
  41  4:07  Probe  
  43  4:11  Pylon  
  43  4:16  Probe  
  44  4:19  Probe  
  44  4:23  Stalker  
  47  4:28  Probe  
  44  4:33  Stalker  
  44  4:34  Stalker  
  45  4:44  Probe  
  46  4:46  Probe  
  48  4:52  Observer  
  48  4:54  Stalker  
  48  4:56  Probe  
  48  4:58  Probe  
  52  5:07  Stalker x2  
  52  5:08  Probe  
  52  5:10  Probe  
  58  5:20  Probe  
  59  5:22  Observer, Probe  
  59  5:24  Nexus  
  59  5:27  Pylon  
  60  5:32  Probe  
  62  5:37  Charge  
  62  5:39  Pylon  
  62  5:41  Probe  
  56  5:50  Probe  
  56  5:53  Probe  
  58  6:01  Gateway x2  
  58  6:02  Probe  
  59  6:06  Assimilator  
  59  6:09  Gateway  
  59  6:10  Gateway  
  59  6:11  Gateway  
  59  6:14  Warp Prism, Probe  
  59  6:15  Probe  
  63  6:26  Probe  
  63  6:27  Probe  
  65  6:34  Dark Shrine  
  65  6:38  Probe x2  
  65  6:39  Probe  
  68  6:43  Zealot  
  68  6:44  Zealot  
  72  6:50  Probe x2  
  74  6:54  Zealot  
  74  6:59  Probe  
  74  7:01  Pylon  
  77  7:02  Probe x2  
  77  7:07  Templar Archives  
  79  7:08  Zealot, Pylon  
  79  7:09  Zealot  
  79  7:11  Probe  
  84  7:22  Zealot x5  
  94  7:25  Zealot  
  96  7:30  Zealot x2  
  96  7:41  Probe  
  93  7:48  Zealot x7  
  90  8:04  Zealot x5  
  90  8:05  Zealot  
  78  8:23  Zealot x2  
  78  8:26  Zealot  
  75  8:30  Zealot x3  
  68  8:40  Probe  
  53  8:44  Zealot x2  
  53  8:47  Zealot  
  51  8:50  Probe  
  51  8:52  Probe  
  47  9:02  Probe, Pylon  
  48  9:04  Probe  
  48  9:06  Dark Templar x2, Zealot  
Show
View Real Time Build Order
Export as new Build Order

liquidthermy Terran - Winner!

Build Orders:  

Get SALT Encoding   

  12  0:01  SCV  
  13  0:13  SCV  
  14  0:17  Supply Depot  
  14  0:25  SCV  
  15  0:38  SCV  
  15  0:39  Barracks  
  16  0:43  Refinery  
  16  0:50  SCV  
  17  1:02  SCV  
  18  1:15  SCV  
  19  1:27  Orbital Command  
  19  1:28  Barracks Reactor  
  19  1:45  Command Center  
  19  1:49  Supply Depot  
  19  1:52  SCV  
  20  2:03  Factory  
  20  2:06  Marine  
  20  2:07  Marine  
  22  2:09  SCV  
  23  2:20  Refinery  
  23  2:21  SCV  
  24  2:24  Marine  
  24  2:25  Marine  
  26  2:33  SCV  
  27  2:49  Starport  
  28  2:52  Hellion  
  28  2:56  Hellion  
  28  2:57  SCV  
  28  2:58  Orbital Command  
  32  3:09  SCV  
  33  3:14  Hellion  
  33  3:17  Hellion  
  33  3:18  Barracks Tech Lab  
  37  3:21  SCV  
  37  3:26  SCV  
  30  3:27  Medivac  
  36  3:33  SCV  
  40  3:44  Supply Depot  
  40  3:45  Marine x2, SCV  
  40  3:47  Siege Tank  
  45  3:48  SCV  
  46  4:02  Starport Tech Lab  
  46  4:06  Supply Depot, Marine x2, SCV x2  
  50  4:18  SCV x2  
  50  4:20  Siege Tank  
  54  4:27  Marine x2  
  54  4:30  SCV x2  
  58  4:32  Raven  
  58  4:36  Barracks  
  58  4:37  Barracks  
  60  4:42  SCV  
  60  4:45  Supply Depot, Marine  
  60  4:46  SCV  
  60  4:52  Engineering Bay  
  61  4:53  Bunker  
  61  4:54  SCV  
  61  4:58  Supply Depot  
  62  5:01  Factory Tech Lab  
  62  5:06  Marine, SCV x2  
  65  5:08  Refinery, Marine  
  66  5:18  Terran Infantry Weapons Level 1, SCV, Supply Depot  
  66  5:19  SCV  
  68  5:24  Marine  
  69  5:29  Factory Reactor  
  69  5:32  Stimpack  
  69  5:33  Marauder  
  69  5:34  Marauder  
  74  5:37  Refinery  
  74  5:38  SCV  
  74  5:40  Supply Depot  
  74  5:42  Marine  
  74  5:46  Marine  
  74  5:49  SCV  
  69  5:50  SCV  
  69  5:51  Combat Shield  
  69  5:54  Marauder  
  72  6:00  Marauder  
  72  6:01  Marine  
  75  6:04  Marine  
  75  6:05  Supply Depot  
  76  6:13  Command Center, Medivac  
  76  6:16  Medivac  
  80  6:19  Marauder  
  80  6:21  Marine  
  80  6:22  Marauder, Marine  
  86  6:27  Supply Depot, SCV x2  
  88  6:35  Barracks  
  88  6:38  Factory Reactor, Barracks  
  88  6:39  SCV  
  89  6:42  Marauder  
  89  6:43  Supply Depot, Marauder  
  89  6:44  Marine  
  89  6:45  Marine  
  95  6:48  Medivac  
  95  6:50  Medivac  
  95  6:53  Supply Depot, SCV  
  100  6:58  SCV  
  101  7:02  Marine  
  101  7:03  Marauder  
  101  7:05  Marauder  
  101  7:06  Marine  
  107  7:08  SCV  
  107  7:10  SCV  
  107  7:13  Terran Infantry Armor Level 1  
  108  7:16  Widow Mine x2  
  108  7:19  Marine  
  110  7:24  SCV  
  110  7:25  Marauder  
  110  7:26  Marauder  
  110  7:27  Marine  
  116  7:30  Medivac x2  
  116  7:36  Barracks Reactor, Barracks Tech Lab  
  110  7:37  SCV  
  110  7:39  Orbital Command  
  110  7:42  Widow Mine  
  112  7:44  Marine  
  112  7:46  Marauder  
  112  7:47  Marine  
  112  7:49  SCV  
  116  7:57  Marine  
  116  7:58  Marauder  
  117  7:59  SCV  
  117  8:00  Medivac  
  118  8:06  Marine  
  118  8:07  Marine  
  118  8:08  Marauder  
  118  8:15  Marauder, Marine  
  118  8:16  SCV x2  
  118  8:19  Marauder  
  123  8:21  Marine  
  123  8:25  Marine  
  121  8:27  Orbital Command  
  121  8:29  Marauder  
  121  8:31  SCV, Medivac  
  121  8:33  Marine  
  126  8:34  Widow Mine  
  126  8:36  Marine  
  120  8:42  Marine x2  
  120  8:43  Marauder  
  120  8:47  Marine  
  125  8:48  Widow Mine  
  125  8:50  Marauder  
  125  8:54  SCV  
  125  8:55  SCV  
  123  8:56  Widow Mine  
  123  8:57  Marine  
  123  8:59  SCV  
  119  9:07  Marine, SCV x2  
  122  9:14  Missile Turret  
  122  9:16  SCV, Missile Turret  
Tags
 
Add a new tag
Caveats
  • Supply blocks, unpowered buildings, or Contaminate may cause inaccurate times.
  • Supply counts are checked every 10 seconds.